 Dungeon Crawl Stone Soup version 0.24-a0-640-ge7cd8ce (webtiles) character file.

Game seed: 13204199849986389900, levelgen mode: deterministic

106 scarywalker64 the Caller (level 4, 0/34 HPs)
             Began as a Demigod Summoner on Sept 25, 2019.
             Slain by an orc wizard
             ... wielding a +0 dagger
              (1 damage)
             ... on level 3 of the Dungeon.
             The game lasted 00:07:44 (4058 turns).

scarywalker64 the Caller (Demigod Summoner)         Turns: 4058, Time: 00:07:45

Health: 0/34       AC:  4    Str: 13    XL:     4   Next: 30%
Magic:  5/9        EV: 12    Int: 19    God:
Gold:   128        SH:  4    Dex: 16    Spells: 3/7 levels left

rFire    . . .     SeeInvis .   e - +1 spear
rCold    . . .     Gourm    .   o - +0 buckler
rNeg     . . .     Faith    .   a - +0 robe
rPois    .         Spirit   .   m - +0 helmet
rElec    .         Reflect  .   q - +0 cloak
rCorr    .         Harm     .   (no gloves)
MR       .....                  (no boots)
Stlth    ++........             (no amulet)
HPRegen  0.11/turn              (no ring)
MPRegen  0.11/turn              (no ring)

@: no status effects
A: high mp 1
a: no special abilities


You were on level 3 of the Dungeon.
You were hungry.

You visited 1 branch of the dungeon, and saw 3 of its levels.

You collected 128 gold pieces.

Inventory:

Hand Weapons
 e - a +1 spear (weapon)
Missiles
 f - 44 stones
 h - 37 arrows
 j - 14 poisoned darts (quivered)
Armour
 a - a +0 robe (worn)
 m - a +0 helmet (worn)
 o - a +0 buckler (worn)
 q - a +0 cloak (worn)
Scrolls
 b - 2 scrolls of teleportation
 l - a scroll of identify
 n - a scroll of fog
 p - 2 scrolls of enchant armour {unknown}
 s - a scroll of random uselessness {unknown}
Potions
 d - a potion of magic
 g - a potion of degeneration {unknown}
 k - 2 potions of cancellation {unknown}
 r - a potion of curing {unknown}
 t - a potion of mutation {unknown}
Comestibles
 c - 4 rations
 i - a chunk of flesh


   Skills:
 + Level 0.8 Fighting
   Level 0.2 Short Blades
 + Level 1.2 Polearms
 + Level 2.6 Dodging
 + Level 2.3 Stealth
 * Level 0.9 Shields
 + Level 2.0 Spellcasting
 + Level 4.1 Summonings


You had 3 spell levels left.
You knew the following spells:

 Your Spells              Type           Power        Failure   Level  Hunger
a - Summon Small Mammal   Summ           ###.         4%          1    #......
b - Call Canine Familiar  Summ           ###.....     14%         3    ###....

Your spell library contained the following spells:

 Spells                   Type           Power        Failure   Level  Hunger
 Call Imp                 Summ           ###.....     7%          2    ###....
 Corona                   Hex            #......      24%         1    #......
 Summon Guardian Golem    Hex/Summ       #.......     32%         3    ###....
 Ensorcelled Hibernation  Hex/Ice        #.....       36%         2    ###....
 Confuse                  Hex            #.......     58%         3    ###....
 Dazzling Spray           Conj/Hex       #.....       58%         3    ###....
 Tukima's Dance           Hex            #.......     58%         3    ###....
 Summon Ice Beast         Ice/Summ       #.......     71%         4    #####..
 Summon Lightning Spire   Summ/Air       #.......     71%         4    #####..


Dungeon Overview and Level Annotations

Branches:
Dungeon (3/15)


Innate Abilities, Weirdness & Mutations

You have an increased reservoir of magic. (+10% MP)


Message History

You closely miss something. You hit something.
You hear some strange, mumbled words.
A magic dart appears from out of thin air!
The magic dart hits you!
You hear some strange, mumbled words.
A puff of flame appears from out of thin air!
The puff of flame hits you!
* * * LOW HITPOINT WARNING * * *
Casting: Summon Small Mammal (safe; 4% risk of failure)
Confirm with . or Enter, or press ? or * to list all spells.
Something hits you.
* * * LOW HITPOINT WARNING * * *
Something hits you but does no damage.
Casting: Call Canine Familiar (safe; 14% risk of failure)
Confirm with . or Enter, or press ? or * to list all spells.
Your hound closely misses something.
Something hits you.
* * * LOW HITPOINT WARNING * * *
Something hits you.
You die...

# ..#...#.# #....#
###########.# #....#
#...........# #....#
#.###.#####.# #....#
#...#.#...#.###....#
#####.#.###.#...)..# ###
......#.....#.##h# #..
#####.#######.##.# #.#
#.#...#.#.##@# #.#
#.......#..r.# #รท# ####.
#.###.#...#.#######>#.....
#.#...###.#.#
#.....#..##..
..#.##.)..#.#
#...<........
#####..#.####..
+.....#.#.#.. ###......#.#
### #.....#.# ....###..#.#
#....># # #######..#.#
#####.#


You could see a friendly hound and a friendly quokka.

Vanquished Creatures
  An adder (D:2)
  An ooze (D:3)
  2 worms (D:2)
  2 dart slugs
  3 leopard geckos (D:2)
  2 orcs (D:3)
  6 giant cockroaches
  8 hobgoblins
  2 quokkas
  2 bats
  3 frilled lizards
  7 goblins
  6 kobolds
  10 rats
  A fungus (D:2)
56 creatures vanquished.

Vanquished Creatures (collateral kills)
  Crazy Yiuf (D:2)
  A hobgoblin (D:1)
  A kobold (D:1)
3 creatures vanquished.

Grand Total: 59 creatures vanquished

Notes
Turn   | Place    | Note
-------+----------+-------------------------------------------
     0 | D:1      | scarywalker64 the Demigod Summoner began the quest for the
                  | Orb.
     0 | D:1      | Reached XP level 1. HP: 14/14 MP: 5/5
   634 | D:1      | Reached XP level 2. HP: 19/20 MP: 5/7
   923 | D:1      | Reached skill level 4 in Summonings
  2327 | D:2      | Reached XP level 3. HP: 15/26 MP: 8/8
  2768 | D:2      | Learned a level 3 spell: Call Canine Familiar
  3228 | D:2      | Found a runed translucent door.
  3229 | D:2      | Noticed Crazy Yiuf
  3410 | D:2      | Killed Crazy Yiuf
  3410 | D:2      | Reached skill level 1 in Polearms
  3410 | D:2      | Reached XP level 4. HP: 34/34 MP: 2/9
  4057 | D:3      | HP: 1/34 [something (2)]
  4058 | D:3      | Slain by an orc wizard

Levels and vault maps discovered:
D:1:      onia_arrival_larder, layout_loops_ring
D:2:      layout_rooms, first_ration, uniq_crazy_yiuf_cottage
D:3:      mumra_celtic_spiral_tile, layout_basic, ashenzari_altar_1

Skill      XL: |  1  2  3 |
---------------+----------+-----
Stealth        | 2 |  2.3
Summonings     | 4 |  4.1
Dodging        | 2 |  2.6
Spellcasting   | 2 |  2.0
Polearms       | 1 |  1.2
Fighting       | |  0.8
Short Blades   | |  0.2
Shields        | |  0.9

Action                   |  1- 3 |  4- 6 || total
-------------------------+-------+-------++-------
Melee: Unarmed           |    74 |       ||    74
       Short sword       |    45 |       ||    45
       Spear             |   124 |    53 ||   177
       Dagger            |    10 |       ||    10
 Cast: Summon Small Mamm |     4 |     1 ||     5
       Call Canine Famil |     2 |     1 ||     3
  Use: Scroll            |     4 |       ||     4
 Stab: Sleeping          |     9 |     3 ||    12
  Eat: Chunk             |     8 |     2 ||    10
Armor: Robe              |    33 |    10 ||    43
Dodge: Dodged            |   157 |    19 ||   176
Block: Buckler           |     5 |     5 ||    10

Table legend:
 A = Non-vault XP
 B = Vault XP
 C = Vault XP percentage of total XP
 D = Non-vault monster count
 E = Vault monster count
 F = Vault count percentage of total count
                 A         B        C        D         E       F
            +---------+---------+-------+---------+---------+-------
      Total |     112 |      40 |  26.3 |      48 |      10 |  17.2
            +---------+---------+-------+---------+---------+-------
        D:1 |      24 |      14 |  36.8 |      15 |       9 |  37.5
        D:2 |      59 |      26 |  30.6 |      21 |       1 |   4.5
        D:3 |      29 |       0 |   0.0 |      12 |       0 |   0.0
            +---------+---------+-------+---------+---------+-------
